 Dungeon Crawl Stone Soup version 0.21.0-37-g46506fa (webtiles) character file.

23 hexophile the Ducker (level 2, 0/14 HPs)
             Began as a Spriggan Transmuter on Jan 30, 2018.
             Slain by a kobold
             ... wielding a +0 dagger
              (1 damage)
             ... on level 2 of the Dungeon.
             The game lasted 00:02:16 (1479 turns).

hexophile the Ducker (Spriggan Transmuter)          Turns: 1479, Time: 00:02:17

Health: 0/14       AC:  2    Str:  6    XL:     2   Next: 75%
Magic:  6/6        EV: 19    Int: 14    God:
Gold:   50         SH:  0    Dex: 16    Spells: 5/6 levels left

rFire    . . .     SeeInvis +     - Unarmed
rCold    . . .     Gourm    .   (shield restricted)
rNeg     . . .     Faith    .   b - +0 robe
rPois    .         Spirit   .   (helmet restricted)
rElec    .         Reflect  .   (no cloak)
rCorr    .         Harm     .   (gloves unavailable)
MR       .....                  (boots unavailable)
Stlth    +.........             (no amulet)
HPRegen  0.04/turn              (no ring)
MPRegen  0.10/turn              (no ring)

@: very quick
A: very small, unfitting armour, see invisible, herbivore, speed 3, slow
metabolism 2
a: no special abilities


You were on level 2 of the Dungeon.
You were not hungry.

You visited 1 branch of the dungeon, and saw 2 of its levels.

You collected 50 gold pieces.


Innate Abilities, Weirdness & Mutations

You are very small and have problems with some larger weapons.
You are too small for most types of armour.
You have supernaturally acute eyesight. (SInv)
You are a herbivore.
You cover ground extremely quickly.
You need consume almost no food.

Inventory:

Missiles
 a - 12 arrows
Armour
 b - a +0 robe (worn)
Jewellery
 h - a +5 ring of intelligence {unknown}
Scrolls
 e - 2 scrolls of identify {unknown}
 f - a scroll of noise {unknown}
 g - a scroll of teleportation {unknown}
 j - a scroll of remove curse {unknown}
Books
 c - a book of Changes

   Spells                             Type                      Level
   a - Beastly Appendage              Transmutation                1
   b - Sticks to Snakes               Transmutation                2
   c - Spider Form                    Transmutation/Poison         3
   d - Ice Form                       Ice/Transmutation            4
   e - Blade Hands                    Transmutation                5
Comestibles
 d - 3 rations


You had 5 spell levels left.
You knew the following spells:

 Your Spells              Type           Power        Failure   Level  Hunger
a - Beastly Appendage     Tmut           #.....       8%          1    #......


   Skills:
 - Level 0.7 Fighting
 * Level 4.1 Dodging
 * Level 0.0 Stealth
 * Level 2.9 Unarmed Combat
 - Level 2.6 Spellcasting
 - Level 2.6 Transmutations

Dungeon Overview and Level Annotations

Branches:
Dungeon (2/15)

Altars:

Vault maps used:
D:1:      lemuel_arrival_behind_the_door_small
D:2:      good_gods_mini_temple, tso_altar
You       could see 3 gnolls, a leopard gecko, a kobold and a frilled lizard.


Message History

You see here a hunting sling.
You lost 1 HP.
You have now: 2/14 HP.
You hit the bat.
The bat is moderately wounded.
The bat barely misses you. The bat hits you but does no damage.
You closely miss the bat.
The bat is moderately wounded.
The bat completely misses you.
You hit the bat.
You kill the bat!
A goblin comes into view. It is wielding a dagger.
The goblin shouts!
The goblin hits you with a dagger.
* * * LOW HITPOINT WARNING * * *
You lost 1 HP.
You have now: 2/14 HP.
It was a potion of magic.
Magic courses through your body.
It was a potion of flight.
You feel very buoyant.
You fly up into the air.
You see here a club.
You start resting.
You are starting to lose your buoyancy.
You start resting.
A goblin is nearby!
You float gracefully downwards.
You start resting.
You open the door.
There is an open door here.
There is an open door here.
You start resting.
You start resting.
The goblin is too close now for your liking.
The goblin shouts!
g - a scroll labeled JINAEN FON DYF
There are no items here.
Found 15 gold pieces.
You now have 50 gold pieces (gained 15).
Found a stone staircase leading down.
There is a stone staircase leading down here.
You climb downwards.
The kobold hits you with a dagger.
There is a stone staircase leading up here.
You lost 1 HP.
You have now: 6/14 HP.
The kobold misses you.
Found a potion of flight.
There is a stone staircase leading down here.
The gnoll hits you from afar with a spear.
* * * LOW HITPOINT WARNING * * *
The kobold hits you with a dagger.
You die...

Action                   || total
-------------------------++-------
Melee: Unarmed           ||    88
       Punch             ||     2
  Use: Potion            ||     2
 Stab: Sleeping          ||     2
       Distracted        ||     1
Armor: Robe              ||     4
Dodge: Dodged            ||    69

Notes
Turn   | Place    | Note
-------+----------+-------------------------------------------
     0 | D:1      | hexophile the Spriggan Transmuter began the quest for the Orb.
     0 | D:1      | Reached XP level 1. HP: 9/9 MP: 5/5
   341 | D:1      | Reached XP level 2. HP: 9/14 MP: 6/6
   945 | D:1      | Reached skill level 4 in Dodging
   983 | D:1      | You fall through a shaft!
  1479 | D:2      | Slain by a kobold

Table legend:
 A = Turns spent in this place as a percentage of turns spent in the entire game.
 B = Non-inter-level travel turns spent in this place as a percentage of non-inter-level travel turns spent in the entire game.
 C = Inter-level travel turns spent in this place as a percentage of turns spent in this place.
 D = Turns resting spent in this place as a percentage of non-inter-level travel turns spent in this place.
 E = Turns spent auto-exploring this place as a percentage of non-inter-level travel turns spent in this place.
 F = Non-inter-level travel turns spent in this place divided by the number of levels of this place that you've seen.
                   A       B       C       D       E      F
               +-------+-------+-------+-------+-------+----------------------
         Total | 100.0 | 100.0 |   2.0 |  60.3 |  14.6 | 725.0
       Dungeon | 100.0 | 100.0 |   2.0 |  60.3 |  14.6 | 725.0
               +-------+-------+-------+-------+-------+----------------------

Table legend:
 A = Kills in this place as a percentage of kills in entire the game.
 B = Kills by you in this place as a percentage of kills by you in the entire game.
 C = Kills by friends in this place as a percentage of kills by friends in the entire game.
 D = Other kills in this place as a percentage of other kills in the entire game.
 E = Experience gained in this place as a percentage of experience gained in the entire game.
 F = Experience gained in this place divided by the number of levels of this place that you have seen.
                   A       B       C       D       E      F
               +-------+-------+-------+-------+-------+----------------------
         Total | 100.0 | 100.0 |   N/A |   N/A | 100.0 |  17.0
       Dungeon | 100.0 | 100.0 |   N/A |   N/A | 100.0 |  17.0
               +-------+-------+-------+-------+-------+----------------------

Vanquished Creatures
  2 oozes (D:1)
  A dart slug (D:1)
  3 bats (D:1)
  2 giant cockroaches (D:1)
  3 hobgoblins (D:1)
  A frilled lizard (D:2)
  A rat (D:1)
13 creatures vanquished.
